 Dungeon Crawl Stone Soup version 0.21.1-1-g345015f (webtiles) character file.

40 inc the Scratcher (level 3, 0/15 HPs)
             Began as a Felid Transmuter on Feb 21, 2018.
             Slain by an adder (5 damage)
             ... on level 2 of the Dungeon.
             The game lasted 00:02:25 (1761 turns).

inc the Scratcher (Felid Transmuter)                Turns: 1761, Time: 00:02:27

Health: 0/15       AC:  1    Str:  6    XL:     3   Next: 30%
Magic:  7/7        EV: 18    Int: 15    God:
Gold:   72         SH:  0    Dex: 16    Spells: 5/6 levels left
                                        Lives:  0   Deaths: 0

rFire    . . .     SeeInvis +     - Unarmed
rCold    . . .     Gourm    .   (shield unavailable)
rNeg     . . .     Faith    .   (armour unavailable)
rPois    .         Spirit   .   (helmet unavailable)
rElec    .         Reflect  .   (cloak unavailable)
rCorr    .         Harm     .   (gloves unavailable)
MR       .....                  (boots unavailable)
Stlth    ++........             (no amulet)
HPRegen  0.05/turn              (no ring)
MPRegen  0.10/turn              (no ring)

@: lethally poisoned (0 -> -3), appendage, quick
A: very small, no armour, no weapons or thrown items, stealth, claws 1, fangs 3,
horns 2, see invisible, carnivore, speed 1, shaggy fur 1, slow metabolism 1,
sharp paws
a: End Transformation


You were on level 2 of the Dungeon.
You were not hungry.
You had grown temporary horns.
You visited 1 branch of the dungeon, and saw 2 of its levels.

You collected 72 gold pieces.

Inventory:

Missiles
 a - 12 arrows
Scrolls
 d - a scroll of noise {unknown}
 e - 3 scrolls of amnesia {unknown}
 g - a scroll of magic mapping {unknown}
 h - a scroll of enchant weapon {unknown}
Potions
 f - 2 potions of curing {unknown}
 i - a potion of heal wounds {unknown}
 j - a potion of berserk rage {unknown}
Books
 b - a book of Changes

   Spells                             Type                      Level
   a - Beastly Appendage              Transmutation                1
   b - Sticks to Snakes               Transmutation                2
   c - Spider Form                    Transmutation/Poison         3
   d - Ice Form                       Ice/Transmutation            4
   e - Blade Hands                    Transmutation                5
Comestibles
 c - 4 rations


   Skills:
 - Level 1.0 Fighting
 - Level 2.7 Dodging
 + Level 4.2 Unarmed Combat
 - Level 2.1 Spellcasting
 - Level 2.3 Transmutations


You had 5 spell levels left.
You knew the following spells:

 Your Spells              Type           Power        Failure   Level  Hunger
a - Beastly Appendage     Tmut           #.....       9%          1    #......


Dungeon Overview and Level Annotations

Branches:
Dungeon (2/15)

Altars:
Okawaru


Innate Abilities, Weirdness & Mutations

You cannot wear armour.
You are incapable of wielding weapons or throwing items.
Your paws allow you to move quietly. (Stealth)
You have sharp claws.
You have razor-sharp teeth.
You have supernaturally acute eyesight. (SInv)
You are carnivorous and can eat meat at any time.
You cover ground quickly.
You are covered in fur. (AC +1)
You have a slow metabolism.
Your sharp claws are effective at attacking unaware monsters.
You have a pair of horns on your head.


Message History

You closely miss the adder.
The adder is moderately wounded.
The adder bites you.
You scratch the adder. Your bite misses the adder.
The adder is severely wounded.
The adder misses you. The adder barely misses you.
You closely miss the adder.
The adder is severely wounded.
You feel sick. The adder misses you.
You scratch the adder but do no damage.
The adder is severely wounded.
The adder bites you.
You closely miss the adder.
The adder is severely wounded.
The adder closely misses you.
You are too injured to fight recklessly!
You scratch the adder but do no damage.
The adder is severely wounded.
The adder bites you.
You die...

#######.#######.##.# #.#
....#.# #.##.#######.#
#.##.# #.# #.##.# #.#
#.##.# #.# #.##.# #.#
.##########.##.# #.#
......S@.....#.#######.#
#############..........#
##########.# #.# ###


You could see an adder.

Vanquished Creatures
  An ooze (D:1)
  A worm (D:2)
  A dart slug (D:1)
  2 bats (D:1)
  A giant cockroach (D:2)
  8 hobgoblins
  A ball python (D:1)
  2 frilled lizards
  6 goblins
  3 kobolds
  3 rats
29 creatures vanquished.

Notes
Turn   | Place    | Note
-------+----------+-------------------------------------------
     0 | D:1      | inc the Felid Transmuter began the quest for the Orb.
     0 | D:1      | Reached XP level 1. HP: 9/9 MP: 4/4
   279 | D:1      | Reached XP level 2. HP: 12/12 MP: 4/6
  1079 | D:2      | Reached skill level 4 in Unarmed Combat
  1081 | D:2      | Reached XP level 3. HP: 13/15 MP: 5/7
  1528 | D:2      | Found an iron altar of Okawaru.
  1761 | D:2      | Slain by an adder

Skill      XL: |  1  2 |
---------------+-------+-----
Unarmed Combat | 4 |  4.2
Fighting       | |  1.0
Dodging        | |  2.7
Spellcasting   | |  2.1
Transmutations | |  2.3

Action                   || total
-------------------------++-------
Melee: Unarmed           ||    79
       Headbutt          ||     6
       Punch             ||     2
       Bite              ||     2
 Cast: Beastly Appendage ||    24
 Stab: Sleeping          ||     3
  Eat: Chunk             ||     3
Armor: Skin              ||     4
Dodge: Dodged            ||    40
